 Dungeon Crawl Stone Soup version 0.21.1-1-g345015f (webtiles) character file.

12121 prawnwizard the Covert (level 11, -8/54 HPs)
             Began as a Spriggan Enchanter on June 26, 2018.
             Was a High Priest of Dithmenos.
             Killed by divine providence
             ... invoked by an orc priest
              (15 damage)
             ... on level 2 of the Orcish Mines on June 27, 2018.
             The game lasted 02:16:33 (17747 turns).

prawnwizard the Covert (Spriggan Enchanter)        Turns: 17747, Time: 02:16:34

Health: -8/54      AC:  4    Str:  4    XL:     11   Next: 58%
Magic:  24/24      EV: 28    Int: 18    God:    Dithmenos [*****.]
Gold:   899        SH:  0    Dex: 21    Spells: 20/26 levels left

rFire    + . .     SeeInvis +   J - +2 short sword (drain)
rCold    . . .     Gourm    .   (shield restricted)
rNeg     . . .     Faith    .   A - +1 robe {MR+}
rPois    .         Spirit   .   (helmet restricted)
rElec    .         Reflect  .   y - +0 cloak
rCorr    .         Harm     .   (gloves unavailable)
MR       ++...                  (boots unavailable)
Stlth    +++++++++.             K - amulet of regeneration
HPRegen  0.58/turn              w - ring of protection from fire
MPRegen  0.19/turn              z - +2 ring of dexterity

@: about to teleport, wreathed by umbra, drained, very quick
A: very small, unfitting armour, see invisible, herbivore, speed 3, slow
metabolism 2
a: Shadow Step, Shadow Form, Renounce Religion


You were on level 2 of the Orcish Mines.
You worshipped Dithmenos.
Dithmenos was extremely pleased with you.
You were hungry.

You visited 3 branches of the dungeon, and saw 12 of its levels.
You also visited: Ossuary.

You collected 899 gold pieces.

Inventory:

Hand Weapons
 a - a +2 dagger
 f - a +0 hunting sling
 J - a +2 short sword of draining (weapon)
Missiles
 i - 303 stones (quivered)
 m - 5 needles of confusion
 p - 213 arrows
Armour
 y - a +0 cloak (worn)
 A - a +1 robe of magic resistance (worn)
Jewellery
 j - an uncursed ring of flight
 w - a ring of protection from fire (left hand)
 z - a +2 ring of dexterity (right hand)
 K - an amulet of regeneration (around neck)
Wands
 D - a wand of disintegration (2)
 I - a wand of paralysis (14)
Scrolls
 e - 3 scrolls of magic mapping
 h - a scroll of fog
 k - 4 scrolls of remove curse
 o - a scroll of identify
 u - 3 scrolls of enchant armour
 x - 2 scrolls of fear
 E - a scroll of vulnerability {unknown}
 F - a scroll of silence {unknown}
Potions
 g - a potion of flight {unknown}
 l - 3 potions of lignification
 n - 4 potions of ambrosia
 q - 8 potions of curing
 r - 2 potions of mutation
 t - a potion of degeneration
 C - a potion of might {unknown}
 G - a potion of brilliance
 H - 2 potions of magic
 L - a potion of agility {unknown}
Books
 c - a book of Maledictions

   Spells                             Type                      Level
   a - Corona                         Hexes                        1
   b - Ensorcelled Hibernation        Hexes/Ice                    2
   c - Confuse                        Hexes                        3
   d - Tukima's Dance                 Hexes                        3
   e - Dazzling Spray                 Conjuration/Hexes            3
 s - the Catalogue of Unholy Secrets
   (You found it on level 8 of the Dungeon)

   Spells                             Type                      Level
   a - Pain                           Necromancy                   1
   b - Vampiric Draining              Necromancy                   3
   c - Death Channel                  Necromancy                   6
 v - a book of Flames

   Spells                             Type                      Level
   a - Flame Tongue                   Conjuration/Fire             1
   b - Throw Flame                    Conjuration/Fire             2
   c - Conjure Flame                  Conjuration/Fire             3
   d - Inner Flame                    Hexes/Fire                   3
   e - Sticky Flame                   Conjuration/Fire             4
   f - Fireball                       Conjuration/Fire             5
   Dithmenos disapproves of the use of such an item.
Comestibles
 d - 3 rations


   Skills:
 + Level 4.6(4.4) Fighting
 + Level 9.3(9.0) Short Blades
 - Level 0.1(0.0) Throwing
 + Level 11.0(10.7) Dodging
 * Level 13.8(13.5) Stealth
 + Level 8.2(7.9) Spellcasting
 * Level 9.9(9.7) Hexes
 - Level 2.0(1.8) Ice Magic


You had 20 spell levels left.
You knew the following spells:

 Your Spells              Type           Power        Failure   Level  Hunger
a - Corona                Hex            #####..      1%          1    None
b - Ensorcelled Hibernat  Hex/Ice        ####..       1%          2    None
c - Confuse               Hex            #####...     1%          3    #......


Dungeon Overview and Level Annotations

Branches:
Dungeon (9/15)             Temple (1/1) D:4            Lair (0/6) D:9
    Orc (2/2) D:9
    Elf: Orc:2

Altars:
Ashenzari
Cheibriados
Dithmenos
Elyvilon
Fedhas
Gozag
Hepliaklqana
Kikubaaqudgha
Makhleb
Nemelex Xobeh
Okawaru
Qazlal
Ru
Sif Muna
Trog
Uskayaw
Vehumet
Wu Jian
Xom
Yredelemnul
Zin
The Shining One

Shops:
D:8 *

Annotations:
D:6 Pikel
D:8 1 runed door


Innate Abilities, Weirdness & Mutations

You are very small and have problems with some larger weapons.
You are too small for most types of armour.
You have supernaturally acute eyesight. (SInv)
You are a herbivore.
You cover ground extremely quickly.
You need consume almost no food.


Message History

* * * LOW HITPOINT WARNING * * *
You hear a shout!
Found 38 gold pieces.
An orc wizard comes into view. It is wielding a dagger.
An orc comes into view. It is wielding a hand axe.
The orc priest looks encouraged for a moment.
You see here 15 gold pieces.
As you read the scroll of teleportation, it crumbles to dust.
You feel strangely unstable.
The orc priest calls down the wrath of Beogh upon you.
Beogh smites you!
* * * LOW HITPOINT WARNING * * *
The orc suddenly jeers. 2 orcs and an orc priest come into view.
A warg and an orc priest come into view.
The orc warrior completely misses you.
The orc priest looks satisfied for a moment.
The orc priest mumbles some strange prayers to Beogh against you.
Beogh smites you!
You die...

.............# .#
#....o.o......# ..#
#......o......######o.o#
....o.........#.........
#.............#oo.......
#..........oo.o.o..o....
......$..$..oo..o...o..o
..........o.oooooo......
.......@..o..o..........
#.......................
..............#........o
#.............#.........
#........ooo..######...
.........ho...#
..............#
..............#


You could see a warg, 5 orc warriors, 4 orc priests, an orc wizard (sleeping)
and 9 orcs.

Vanquished Creatures
  An orc warlord (Orc:1)
  An orc knight (Orc:1)
  An orc sorcerer (Orc:1)
  A cyclops (Orc:1)
  Joseph (D:8)
  A queen bee (D:9)
  A troll (Orc:1)
  A hippogriff (D:8)
  A wyvern (D:8)
  9 yaks (D:9)
  A hungry ghost (D:9)
  3 wargs
  Edmund (D:3)
  A water moccasin (D:7)
  A sky beast (D:9)
  A phantom (D:8)
  14 orc warriors
  2 ice beasts
  2 necrophages (D:7)
  5 ogres
  4 centaurs
  3 bullfrogs
  12 scorpions
  A wyvern skeleton (D:8)
  20 killer bees
  8 wights
  A howler monkey (D:6)
  6 crimson imps
  3 jellies
  2 bullfrog zombies (D:9)
  A quasit (D:7)
  6 orc priests
  A bullfrog skeleton (D:5)
  A centaur skeleton (D:4)
  8 hounds
  9 orc wizards
  Crazy Yiuf (D:6)
  2 human zombies (Ossuary)
  15 worker ants
  2 iguanas
  A killer bee zombie (D:7)
  3 big kobold zombies (Ossuary)
  3 mummies (Ossuary)
  A worker ant zombie (D:6)
  4 gnolls (D:5)
  3 scorpion zombies (Ossuary)
  13 adders
  An adder zombie (D:8)
  An adder skeleton (D:4)
  3 worms
  3 dart slugs
  5 leopard geckos
  33 orcs
  12 bats
  6 giant cockroaches
  15 goblins
  7 hobgoblins
  7 jackals
  A quokka (D:6)
  6 frilled lizards
  2 gnoll zombies (Ossuary)
  2 goblin zombies (Ossuary)
  A hobgoblin zombie (Ossuary)
  8 kobolds
  2 kobold zombies (Ossuary)
  A leopard gecko skeleton (D:9)
  3 orc zombies (Ossuary)
  5 rats
  3 butterflies (D:8)
310 creatures vanquished.

Vanquished Creatures (others)
  A goblin zombie (Ossuary)
  A hobgoblin zombie (Ossuary)
2 creatures vanquished.

Grand Total: 312 creatures vanquished

Notes
Turn   | Place    | Note
-------+----------+-------------------------------------------
     0 | D:1      | prawnwizard the Spriggan Enchanter began the quest for the Orb.
     0 | D:1      | Reached XP level 1. HP: 9/9 MP: 5/5
   166 | D:1      | Reached XP level 2. HP: 3/13 MP: 6/6
   182 | D:1      | Learned a level 2 spell: Ensorcelled Hibernation
  1281 | D:1      | Reached skill level 5 in Stealth
  1461 | D:2      | Reached XP level 3. HP: 6/16 MP: 8/8
  2065 | D:2      | Reached XP level 4. HP: 11/21 MP: 7/9
  2072 | D:2      | Learned a level 3 spell: Confuse
  4035 | D:3      | Reached skill level 6 in Stealth
  4035 | D:3      | Reached XP level 5. HP: 20/24 MP: 7/10
  4322 | D:4      | Found a staircase to the Ecumenical Temple.
  4344 | Temple   | Entered the Ecumenical Temple
  4455 | Temple   | Became a worshipper of Dithmenos the Shadowed
  5078 | D:4      | Noticed Edmund
  5320 | D:3      | Killed Edmund
  5320 | D:3      | Reached skill level 7 in Stealth
  5320 | D:3      | Reached skill level 1 in Ice Magic
  5320 | D:3      | Reached XP level 6. HP: 21/29 MP: 1/11
  5756 | D:5      | Entered Level 5 of the Dungeon
  5791 | D:5      | Found a shimmering altar of Xom.
  6417 | D:5      | Reached XP level 7. HP: 32/32 MP: 10/13
  6685 | D:5      | Reached skill level 8 in Stealth
  7282 | D:5      | Reached skill level 5 in Dodging
  7658 | D:6      | Reached skill level 5 in Short Blades
  7658 | D:6      | Reached skill level 5 in Hexes
  7689 | D:6      | Reached * piety under Dithmenos
  7756 | D:6      | Found a runed door.
  7760 | D:6      | Noticed Crazy Yiuf
  7764 | D:6      | Killed Crazy Yiuf
  7764 | D:6      | Reached skill level 1 in Fighting
  7764 | D:6      | Reached XP level 8. HP: 27/37 MP: 15/15
  7816 | D:6      | Noticed Pikel
  8016 | D:6      | Reached skill level 9 in Stealth
  8288 | D:6      | Found a sand-covered staircase.
  8296 | Ossuary  | Entered an ossuary
  8774 | Ossuary  | Reached skill level 5 in Spellcasting
 10023 | D:6      | Reached ** piety under Dithmenos
 10594 | D:7      | Reached skill level 10 in Stealth
 10843 | D:7      | Reached XP level 9. HP: 14/42 MP: 16/18
 10993 | D:7      | HP: 1/42 [iguana (14)]
 12720 | D:8      | Reached skill level 11 in Stealth
 13105 | D:8      | Found a runed door.
 13107 | D:8      | Found a runed door.
 13213 | D:8      | Reached *** piety under Dithmenos
 13318 | D:8      | Identified the Catalogue of Unholy Secrets
 13593 | D:8      | Noticed Joseph
 13610 | D:8      | Killed Joseph
 13610 | D:8      | Reached XP level 10. HP: 40/49 MP: 1/21
 13749 | D:8      | Found Tuymypsa's Assorted Antiques.
 15058 | D:9      | Reached **** piety under Dithmenos
 15058 | D:9      | Reached skill level 12 in Stealth
 15196 | D:9      | Found a staircase to the Orcish Mines.
 15779 | D:9      | Found a staircase to the Lair.
 15803 | D:9      | Reached skill level 10 in Dodging
 16013 | D:9      | Reached XP level 11. HP: 18/53 MP: 23/23
 16236 | Orc:1    | Entered Level 1 of the Orcish Mines
 16428 | Orc:1    | Noticed an orc warlord
 16474 | Orc:1    | Reached ***** piety under Dithmenos
 16512 | Orc:1    | Reached skill level 13 in Stealth
 16515 | Orc:1    | Noticed an orc knight
 16576 | Orc:1    | Killed an orc knight
 16964 | Orc:1    | Noticed an orc sorcerer
 17027 | Orc:1    | Killed an orc warlord
 17058 | Orc:1    | Paralysed by an orc sorcerer for 4 turns
 17062 | Orc:1    | Noticed a sun demon
 17192 | Orc:1    | Noticed a sixfirhy
 17284 | Orc:1    | Paralysed by an orc sorcerer for 6 turns
 17300 | Orc:1    | Noticed a soul eater
 17300 | Orc:1    | Killed an orc sorcerer
 17401 | Orc:1    | Noticed an orc sorcerer
 17468 | Orc:2    | Entered Level 2 of the Orcish Mines
 17487 | Orc:2    | Noticed an orc knight
 17738 | Orc:2    | Noticed an orc sorcerer
 17738 | Orc:2    | Noticed an orc high priest
 17738 | Orc:2    | Noticed an orc sorcerer
 17747 | Orc:2    | Killed from afar by an orc priest

Skill      XL: |  1  2  3  4  5  6  7  8  9 10 11 |
---------------+----------------------------------+-----
Hexes          | 4 5 6 8 9 |  9.9
Stealth        | 5 6 7 8 10 11 12 13 | 13.8
Dodging        | 4 5 6 8 10 11 | 11.0
Short Blades   | 2 3 4 5 6 7 8 9 |  9.3
Spellcasting   | 3 4 5 7 8 |  8.2
Ice Magic      | 1 2 |  2.0
Fighting       | 1 3 4 |  4.6
Throwing       | |  0.1

Action                   |  1- 3 |  4- 6 |  7- 9 | 10-12 || total
-------------------------+-------+-------+-------+-------++-------
Melee: Dagger            |   168 |   446 |  1229 |   175 ||  2018
       Short sword       |       |       |       |   823 ||   823
Throw: Stone             |    16 |     2 |       |       ||    18
 Cast: Ensorcelled Hiber |    15 |    46 |    55 |    32 ||   148
       Corona            |       |       |    10 |       ||    10
       Confuse           |       |       |     3 |       ||     3
Invok: Shadow Step       |       |       |       |     1 ||     1
  Use: Scroll            |       |     7 |    15 |     4 ||    26
       Potion            |       |       |     3 |     1 ||     4
 Stab: Sleeping          |    12 |    20 |    58 |    20 ||   110
       Confused          |       |       |     2 |       ||     2
       Distracted        |       |       |     4 |     3 ||     7
  Eat: Ration            |       |     4 |     5 |     3 ||    12
Armor: Robe              |    18 |    27 |    50 |    36 ||   131
Dodge: Dodged            |   178 |   357 |   900 |   855 ||  2290
